 Dungeon Crawl Stone Soup version 0.30-a0-393-g54b8e3be05 (webtiles) character file.

Game seed: 497528300328912549

129 NinjaNoafa the Ducker (level 4, -1/35 HPs)
             Began as a Demonspawn Gladiator on Dec 5, 2022.
             Killed from afar by a white imp (9 damage)
             ... with a puff of frost
             ... on level 3 of the Dungeon.
             The game lasted 00:03:23 (3316 turns).

NinjaNoafa the Ducker (Demonspawn Gladiator)        Turns: 3316, Time: 00:03:24

Health: -1/35      AC:  5    Str: 16    XL:     4   Next: 88%
Magic:  4/4        EV: 13    Int: 12    God:
Gold:   106        SH:  0    Dex: 20    Spells: 3/3 levels left

rFire   . . .      SeeInvis .    A - +8 bardiche "Mubukyo" {drain, rN+ Int+2}
rCold   . . .      Faith    .    (shield currently unavailable)
rNeg    + + .      Spirit   .    m - +1 leather armour {rN+}
rPois   .          Reflect  .    c - +0 helmet
rElec   .          Harm     .    (no cloak)
rCorr   .          Rampage  .    (no gloves)
Will    .....                    (no boots)
Stlth   +.........               (no amulet)
HPRegen 0.25/turn                i - +6 ring of dexterity
MPRegen 0.09/turn                (no ring)

@: studying Stealth
A: spiny 1, demonic touch 2
a: no special abilities


You were on level 3 of the Dungeon.
You visited 1 branch of the dungeon, and saw 4 of its levels.
You also visited: Sewer.

You collected 106 gold pieces.

Inventory:

Hand Weapons
 A - the +8 bardiche "Mubukyo" (weapon) {drain, rN+ Int+2}
   (You found it on level 3 of the Dungeon)

   A truly terrible weapon, it drains the life of any living foe it strikes.
   Int:       It affects your intelligence (+2).
   rN:        It protects you from negative energy.
Missiles
 d - 3 throwing nets
 e - a javelin (quivered)
 g - 20 stones
 s - 8 poisoned darts
Armour
 c - a +0 helmet (worn)
 m - a +1 leather armour of positive energy (worn)
Jewellery
 i - a +6 ring of dexterity (left hand)
Scrolls
 a - a scroll of poison {unknown}
 b - a scroll of summoning {unknown}
 f - 7 scrolls of identify {unknown}
 l - a scroll of amnesia {unknown}
 q - 3 scrolls of magic mapping {unknown}
 u - a scroll of enchant weapon {unknown}
 v - a scroll of teleportation {unknown}
 x - a scroll of noise {unknown}
 y - a scroll of fog {unknown}
Potions
 h - a potion of mutation {unknown}
 j - a potion of heal wounds {unknown}
 k - 4 potions of lignification {unknown}
 n - a potion of flight {unknown}
 o - 5 potions of haste {unknown}
 p - a potion of attraction {unknown}
 r - 2 potions of curing {unknown}
 t - 2 potions of ambrosia {unknown}
 w - a potion of berserk rage {unknown}
 z - a potion of brilliance {unknown}


   Skills:
 + Level 3.3 Fighting
 + Level 0.6(2.3) Polearms
 - Level 3.5(3.6) Staves
 - Level 1.7 Throwing
 + Level 3.6 Dodging


You had 3 spell levels left.
You didn't know any spells.
Your spell library contained the following spells:

 Spells                   Type           Power      Damage    Failure   Level
 Summon Forest            Summ/Tloc      0%         N/A       100%        5
 Eringya's Noxious Bog    Tmut/Pois      0%         N/A       100%        6
 Summon Hydra             Summ           0%         N/A       100%        7


Dungeon Overview and Level Annotations

Branches:
Dungeon (4/15)              Sewer (visited)
 Temple: D:4-7

Altars:
Cheibriados


Innate Abilities, Weirdness & Mutations

You are partially covered in sharp spines.
Your touch may inflict irresistible damage on your foes.


Message History

An orc comes into view. It is wielding a +0 flail.
An orc wizard comes into view. It is wielding a +0 dagger.
An orc comes into view. It is wielding a +0 whip.
A giant cockroach comes into view.
The white imp gestures at you. The puff of frost hits you.
The white imp gestures at you. The puff of frost hits you!
The white imp shouts, "Out, out, thou bawdy earth-vexing strumpet!"
There is a stone staircase leading up here.
The white imp summons a swarm of flies.
The white imp gestures at you. The puff of frost hits you!
The giant cockroach bites you but does no damage.
The white imp picks up a beetle and eats it.
The orc wizard gestures wildly while chanting.
The orc wizard flickers and vanishes!
Deactivating autopickup; reactivate with Ctrl-A.
The giant cockroach is struck by your spines.
You kill the giant cockroach!
You climb upwards.
Reactivating autopickup.
There is a stone staircase leading down here.
You climb downwards.
There is a stone staircase leading up here.
The white imp hits you. The white imp freezes you.
You climb upwards.
There is a stone staircase leading down here.
You slash the white imp!
The white imp is severely wounded.
The white imp gestures at you. The puff of frost hits you.
* * * LOW HITPOINT WARNING * * *
The white imp gestures at you. The puff of frost misses you.
You closely miss the white imp.
The white imp is severely wounded.
The white imp gestures at you. The puff of frost hits you!
You die...

#.# #.#.###...###.......
#.####'##...##'##..######
#..##...#####...#.##
#...'.♣.## ##.♣.'.#
#.###....# #....###
#.####...###...##
#.#..#....#....#
#.#.###.......###########
#.#.# #.@5♣.>.#..........
##...###.......#######....
##.###.#....#....# #.....
#.##
###...###...#####.....
#.#####....#
#....#........
#.##..'.♣.##
##.♣.'..####.# ##.#.##...#
#...##.# #.# ##...##.###
##.##..# #.# ##.....#.#
#....## #.#


You could see a white imp.

Vanquished Creatures
  A hound (D:4)
  4 adders
  3 worms
  An orc (D:3)
  6 bats
  5 endoplasms
  2 giant cockroaches
  3 goblins
  5 hobgoblins
  3 quokkas
  9 ball pythons
  7 frilled lizards
  3 kobolds
  4 rats
56 creatures vanquished.

Notes
Turn   | Place    | Note
-------+----------+-------------------------------------------
     0 | D:1      | NinjaNoafa the Demonspawn Gladiator began the quest for the
                  | Orb.
     0 | D:1      | Reached XP level 1. HP: 16/16 MP: 1/1
   468 | D:1      | Gained mutation: Your touch may inflict minor irresistible
                  | damage on your foes. [demonic ancestry]
   468 | D:1      | Reached XP level 2. HP: 22/22 MP: 2/2
  1506 | D:2      | Gained mutation: Your touch may inflict irresistible damage
                  | on your foes. [demonic ancestry]
  1506 | D:2      | Reached XP level 3. HP: 28/28 MP: 3/3
  2239 | D:3      | Found a snail-covered altar of Cheibriados.
  2262 | D:3      | Found a glowing drain.
  2274 | Sewer    | Entered a sewer
  2318 | Sewer    | Gained mutation: You are partially covered in sharp spines.
                  | [demonic ancestry]
  2318 | Sewer    | Reached XP level 4. HP: 16/35 MP: 4/4
  2723 | D:3      | Identified the +8 bardiche "Mubukyo" {drain, rN+ Int+2}
  3316 | D:3      | Killed from afar by a white imp

Illustrated notes

Levels and vault maps discovered:
D:1:      dpeg_arrival_circle_labyrinth_c, layout_basic, minivault_14,
          minmay_misc_feat_alley
D:2:      layout_basic, dk_vineyard_1
D:3:      layout_loops_ring, cheibriados_altar_2, cheibrodos_sewer_entry_sluice,
          hangedman_abyss_or_decor_lesser_grid, grunt_ministairs_13,
          corexii_leaking_fountain, hangedman_decor_push
D:4:      cheibrodos_helix_gallery, layout_cave_pools, marbit_many_paths,
          temple_pool_b, nicolae_shop_i_like_big_books, serial_bayou_crossing

Skill      XL: |  1  2  3 |
---------------+----------+-----
Staves         | 3 |  3.5
Dodging        | 3 |  3.6
Fighting       | 3 |  3.3
Polearms       | |  0.6
Throwing       | |  1.7

Action                   |  1- 3 |  4- 6 || total
-------------------------+-------+-------++-------
Melee: Quarterstaff      |   110 |    20 ||   130
       Bardiche          |       |     7 ||     7
 Stab: Sleeping          |     3 |     3 ||     6
Armor: Leather armour    |    26 |     9 ||    35
Dodge: Dodged            |    70 |    15 ||    85

Table legend: (Time is in decaauts)
 A = Elapsed time spent in this place.
 B = Non-inter-level travel time spent in this place.
 C = Inter-level travel time spent in this place.
 D = Time resting spent in this place.
 E = Time spent auto-exploring this place.
 F = Levels seen in this place.
 G = Mean time per level.
                   A        B        C        D        E       F      G
               +--------+--------+--------+--------+--------+-----+--------+
         Total |   3404 |   3211 |    193 |      0 |   2659 |   5 |  680.8 |
       Dungeon |   2900 |   2707 |    193 |      0 |   2296 |   4 |  725.0 |
         Sewer |    503 |    503 |      0 |      0 |    362 |   1 |  503.0 |
               +--------+--------+--------+--------+--------+-----+--------+

Top non-repeatable levels by time:
     D:2: 1151 daAuts
     D:3: 847 daAuts
     D:1: 837 daAuts
   Sewer: 503 daAuts
     D:4: 63 daAuts
